 Dungeon Crawl Stone Soup version 0.24-a0-201-gf205589 (webtiles) character file.

Game seed: 1267000346840529523

91 Borgoz the Ducker (level 4, -1/37 HPs)
             Began as a Ghoul Gladiator on Mar 25, 2019.
             Slain by an orc (4 damage)
             ... on level 3 of the Dungeon.
             The game lasted 00:02:57 (1430 turns).

Borgoz the Ducker (Ghoul Gladiator)                 Turns: 1430, Time: 00:02:59

Health: -1/37      AC:  4    Str: 22    XL:     4   Next: 57%
Magic:  4/4        EV: 12    Int:  4    God:
Gold:   97         SH:  0    Dex: 10    Spells: 4/4 levels left

rFire    + . .     SeeInvis .   a - +0 rapier
rCold    + + .     Gourm    .   (no shield)
rNeg     + + +     Faith    .   b - +0 leather armour
rPois    ∞         Spirit   .   c - +0 helmet
rElec    +         Reflect  .   (no cloak)
rCorr    +         Harm     .   (no gloves)
MR       +....                  (no boots)
Stlth    ..........             (no amulet)
HPRegen  0.00/turn              i - ring of protection from magic
MPRegen  0.09/turn              h - ring of attention (curse)

@: mighty, resistant, rotting
A: rotting body, claws 1, carnivore, cold resistance 1, negative energy
resistance 3, inhibited regeneration, torment resistance, unbreathing
a: no special abilities


You were on level 3 of the Dungeon.
You were not hungry.

You visited 1 branch of the dungeon, and saw 3 of its levels.

You collected 97 gold pieces.

Inventory:

Hand Weapons
 a - a +0 rapier (weapon)
Missiles
 d - 3 throwing nets (quivered)
Armour
 b - a +0 leather armour (worn)
 c - a +0 helmet (worn)
Jewellery
 h - a cursed ring of attention (right claw)
 i - a ring of protection from magic (left claw)
 k - an uncursed ring of protection from fire {unknown}
Scrolls
 e - 5 scrolls of identify {unknown}
 j - a scroll of remove curse {unknown}
 l - 3 scrolls of teleportation {unknown}
Potions
 o - a potion of curing {unknown}
Comestibles
 f - a ration
 g - 4 chunks of flesh


   Skills:
 + Level 2.5 Fighting
 + Level 3.0 Short Blades
 + Level 2.4 Throwing
 + Level 1.0 Armour
 + Level 3.1 Dodging
 + Level 1.4 Stealth
 + Level 0.9 Spellcasting


You had 4 spell levels left.
You didn't know any spells.
Your spell library was empty.

Dungeon Overview and Level Annotations

Branches:
Dungeon (3/15)

Altars:


Innate Abilities, Weirdness & Mutations

Your body is rotting away.
You thrive on raw meat.
You are immune to poison.
You have sharp fingernails.
You are carnivorous and can eat meat at any time.
Your flesh is cold resistant. (rC+)
You are immune to negative energy. (rN+++)
You do not regenerate when monsters are visible.
You are immune to unholy pain and torment.
You can survive without breathing.


Message History

The orc is moderately wounded.
The orc completely misses you.
The orc drinks a potion.
The orc seems to grow stronger.
You hit the orc but do no damage.
The orc is moderately wounded.
The orc hits you but does no damage.
You barely miss the orc.
The orc is moderately wounded.
The orc hits you but does no damage. The orc misses you.
You feel very mighty all of a sudden. The orc hits you.
The orc priest mumbles some strange prayers to Beogh against you.
Beogh smites you!
* * * LOW HITPOINT WARNING * * *
The orc hits you.
* * * LOW HITPOINT WARNING * * *
It was a potion of resistance.
You feel protected. The orc hits you.
You die...

#####.#................#
#.....#..#.............#
#........#.....).......#
#........................
#............############
#............'......#
#............######.#
#............+
.............@#
.............ooo.....
.............o.......
##..................
#..................
..................
...............
...............


You could see an orc priest and 3 orcs.

Vanquished Creatures
  An orc wizard (D:3)
  2 adders (D:2)
  A worm (D:3)
  2 dart slugs (D:1)
  A leopard gecko (D:2)
  5 bats
  2 giant cockroaches (D:1)
  6 goblins
  5 hobgoblins
  5 frilled lizards
  2 kobolds
  7 rats
39 creatures vanquished.

Notes
Turn   | Place    | Note
-------+----------+-------------------------------------------
     0 | D:1      | Borgoz the Ghoul Gladiator began the quest for the Orb.
     0 | D:1      | Reached XP level 1. HP: 17/17 MP: 0/0
   135 | D:1      | Reached XP level 2. HP: 23/24 MP: 1/1
   631 | D:1      | Reached XP level 3. HP: 30/30 MP: 2/2
   778 | D:2      | Reached skill level 1 in Stealth
  1018 | D:2      | Reached XP level 4. HP: 37/37 MP: 4/4
  1410 | D:3      | Reached skill level 1 in Armour
  1430 | D:3      | Slain by an orc

Levels and vault maps discovered:
D:1:      scummos_arrival_gate, layout_basic, minmay_pentomino_o2
D:2:      layout_rooms, serial_bayou_lagoon_b
D:3:      layout_basic, lemuel_crystal_altar, serial_forest,
          infiniplex_forest_lined_3_way, infiniplex_forest_clump_medium,
          infiniplex_forest_lined_room_, infiniplex_forest_clump_cross,
          infiniplex_forest_join, infiniplex_forest_straight_3, uniq_sigmund

Skill      XL: |  1  2  3  4 |
---------------+-------------+-----
Throwing       | 2 |  2.4
Stealth        | 1 |  1.4
Short Blades   | 3 |  3.0
Dodging        | 3 |  3.1
Armour         | 1 |  1.0
Fighting       | |  2.5
Spellcasting   | |  0.9

Action                   |  1- 3 |  4- 6 || total
-------------------------+-------+-------++-------
Melee: Rapier            |   100 |    19 ||   119
  Use: Potion            |       |     2 ||     2
  Eat: Chunk             |     2 |       ||     2
Armor: Leather armour    |    34 |     4 ||    38
Dodge: Dodged            |    66 |     8 ||    74

Table legend:
 A = Non-vault XP
 B = Vault XP
 C = Vault XP percentage of total XP
 D = Non-vault monster count
 E = Vault monster count
 F = Vault count percentage of total count
                 A         B        C        D         E       F
            +---------+---------+-------+---------+---------+-------
      Total |     124 |       6 |   4.6 |      37 |       2 |   5.1
            +---------+---------+-------+---------+---------+-------
        D:1 |      35 |       6 |  14.6 |      21 |       2 |   8.7
        D:2 |      43 |       0 |   0.0 |      13 |       0 |   0.0
        D:3 |      46 |       0 |   0.0 |       3 |       0 |   0.0
            +---------+---------+-------+---------+---------+-------
